[Event "Early-Titled-Tuesday-Blitz-February-13-2024"]
[Site "Chess.com"]
[Date "2024.02.13"]
[Round "6"]
[White "saraswathii"]
[Black "LeoLV10"]
[Result "1-0"]
[WhiteElo "2399"]
[BlackElo "2526"]
[TimeControl "180+1"]
[EndTime "9:08:11 PST"]
[Termination "saraswathii won by resignation"]

1. e4 c6 2. d3 d5 3. Nd2 e5 4.
Ngf3 Bd6 5. g3 Ne7 6. Bg2 O-O 7. O-O Nd7 8. Re1 Re8 9. h4 h5 10. Ng5 Nf6 11. Bf3 Bg4 12. Bxg4 Nxg4 13. Nf1 Bc5 14. Be3 Nxe3 15. Qxh5 Ng6 16. Nxe3 Bb6 17. Nf5 Qf6 18. Qh7+ Kf8 19. h5 Rec8 20. hxg6 Ke8 21. gxf7+ Kd7 22. Qxg7 Qxg7 23. Nxg7 Ke7 24. N7e6 Kf6 25. f8=Q+ Rxf8 26. Nxf8 Rxf8 27. Nh7+ 1-0

[Event "Early-Titled-Tuesday-Blitz-February-13-2024"]
[Site "Chess.com"]
[Date "2024.02.13"]
[Round "6"]
[White "campochess"]
[Black "Cirky"]
[Result "0-1"]
[WhiteElo "2140"]
[BlackElo "2484"]
[TimeControl "180+1"]
[EndTime "9:08:11 PST"]
[Termination "Cirky won by checkmate"]

1. e4 e5 2. Bc4 Nc6 3. c3 Na5 4. Be2 Nf6 5. d3 Nc6 6. Nd2 d5 7. Bf3 Bc5 8. Ne2 O-O 9. O-O Re8 10. b4 Bb6 11. a4 a5 12. b5 Ne7 13. Ng3 Ng6 14. c4 dxc4 15. Nxc4 Bd4 16. Bb2 Nf4 17. Bxd4 Qxd4 18. Ra3 Be6 19. Nf5 Bxf5 20. exf5 e4 21. Be2 Rad8 22. dxe4 Qxe4 23. Re3 Qxg2# 0-1

[Event "Early-Titled-Tuesday-Blitz-February-13-2024"]
[Site "Chess.com"]
[Date "2024.02.13"]
[Round "6"]
[White "Yurovskykh_Oleksandr"]
[Black "Tolyanius"]
[Result "1-0"]
[WhiteElo "2661"]
[BlackElo "2502"]
[TimeControl "180+1"]
[EndTime "9:08:13 PST"]
[Termination "Yurovskykh_Oleksandr won by resignation"]

1. d4 d5 2. Bf4 Nc6 3. e3 f6 4. Nf3 Bg4 5. h3 Bxf3 6. Qxf3 e5 7. Bh2 e4 8. Qd1 a6 9. c4 f5 10. Nc3 Nf6 11. Qb3 Na5 12. Qa4+ c6 13. cxd5 Nxd5 14. Nxd5 Qxd5 15. Rc1 b6 16. b4 Nb7 17. Qxc6+ Qxc6 18. Rxc6 Bxb4+ 19. Kd1 b5 20. Rxa6 Rxa6 21. Bxb5+ Ke7 22.
Bxa6 Ra8 23. Bxb7 Ra3 1-0

[Event "Early-Titled-Tuesday-Blitz-February-13-2024"]
[Site "Chess.com"]
[Date "2024.02.13"]
[Round "6"]
[White "cthulhuuu"]
[Black "RandomNoob04"]
[Result "1-0"]
[WhiteElo "2438"]
[BlackElo "2592"]
[TimeControl "180+1"]
[EndTime "9:08:13 PST"]
[Termination "cthulhuuu won by resignation"]

1. e4 e5 2. Nf3 Nf6 3. d3 Bc5 4.
Nxe5 Nc6 5. Nf3 d5 6. e5 Ng4 7. d4 Nxd4 8. Nxd4 Nxf2 9. Kxf2 Qh4+ 10. g3 Bxd4+ 11. Be3 Bxe3+ 12. Kxe3 Qe4+ 13. Kf2 Qxh1 14. Bb5+ c6 15. Qxh1 cxb5 16. Nc3 Be6 17. Nxb5 O-O 18. c3 f6 19. exf6 Rxf6+ 20. Kg1 Raf8 21. Nd4 Bh3 22. Qxd5+ Kh8 23. Qc4 Rf2 24. Re1 h6 25. Ne6 Rg2+ 26. Kh1 Rff2 27. Qc8+ Kh7 28. Ng5+ Kg6 29. Qxh3 hxg5 30.
Qxg2 1-0

[Event "Early-Titled-Tuesday-Blitz-February-13-2024"]
[Site "Chess.com"]
[Date "2024.02.13"]
[Round "6"]
[White "LiadCuba"]
[Black "GulamaliRises"]
[Result "1-0"]
[WhiteElo "2483"]
[BlackElo "2628"]
[TimeControl "180+1"]
[EndTime "9:08:15 PST"]
[Termination "LiadCuba won by resignation"]

1. d4 Nf6 2. c4 e6 3. Nc3 d5 4. Nf3 dxc4 5. e3 a6 6. Bxc4 b5 7. Bd3 Bb7 8. Rg1 Nbd7 9. Qe2 c5 10. Bd2 c4 11. Bb1 b4 12. Nd1 Rc8 13. e4 Qb6 14.
e5 Nd5 15. Be4 c3 16. bxc3 bxc3 17. Bc1 c2 18. Nb2 Nc3 19. Bxb7 Nxe2 20. Bxc8 Nxg1 21. Bxd7+ Kxd7 22. Nxg1 Bb4+ 23. Kf1 Qxd4 24. g3 Qd1+ 25. Kg2 Ke7 26. Nxd1 cxd1=Q 27. Bg5+ f6 28. exf6+ 1-0

[Event "Early-Titled-Tuesday-Blitz-February-13-2024"]
[Site "Chess.com"]
[Date "2024.02.13"]
[Round "6"]
[White "yuriydovzik"]
[Black "Teidi96"]
[Result "1-0"]
[WhiteElo "2121"]
[BlackElo "2285"]
[TimeControl "180+1"]
[EndTime "9:08:15 PST"]
[Termination "yuriydovzik won by resignation"]

1. Nf3 d5 2. g3 e6 3. Bg2 Nf6 4. O-O Be7 5. c4 O-O 6. b3 c6 7. Bb2 Nbd7 8. d4 b6 9. Nbd2 Bb7 10. Ne5 Nxe5 11. dxe5 Nd7 12. e4 dxc4 13. Nxc4 f6 14. Qc2 fxe5 15. Rad1 Qc7 16. Bh3 Rf6 17. f4 Rh6 18.
Bg4 exf4 19. Rxf4 Rf8 20. Qc3 Rg6 21. Bxe6+ Kh8 22. Rxd7 Bc5+ 23. Kh1 Qb8 24. Rxg7 1-0

[Event "Early-Titled-Tuesday-Blitz-February-13-2024"]
[Site "Chess.com"]
[Date "2024.02.13"]
[Round "6"]
[White "yaguigor"]
[Black "HanSchut"]
[Result "1-0"]
[WhiteElo "2669"]
[BlackElo "2256"]
[TimeControl "180+1"]
[EndTime "9:08:18 PST"]
[Termination "yaguigor won by resignation"]

1. d4 Nf6 2. c4 g6 3. Nc3 d5 4.
Nf3 Bg7 5. Bg5 Ne4 6. cxd5 Nxg5 7. Nxg5 e6 8. Nf3 exd5 9. b4 Qd6 10. Qb3 a5 11. Nb5 Qb6 12. Qxd5 O-O 13. Qc5 axb4 14. Qxb6 cxb6 15. e3 b3 16. Bc4 Bd7 17. Nd6 bxa2 18. Rxa2 Nc6 19. Rxa8 Rxa8 20. O-O Bf8 21. Nxf7 Kg7 22.
N7e5 Nxe5 23. Nxe5 Be8 24. g3 b5 25. Bd5 b4 26.
Rb1 Ra3 27. Bxb7 Bd6 28. Nc4 Rc3 29. Nxd6 1-0

[Event "Early-Titled-Tuesday-Blitz-February-13-2024"]
[Site "Chess.com"]
[Date "2024.02.13"]
[Round "6"]
[White "CaspiIsrael"]
[Black "Shahdad2007"]
[Result "1-0"]
[WhiteElo "2771"]
[BlackElo "2495"]
[TimeControl "180+1"]
[EndTime "9:08:19 PST"]
[Termination "CaspiIsrael won by checkmate"]

1. e4 c6 2. f3 g6 3. d4 Bg7 4. c4 d5 5. e5 f6 6. f4 Nh6 7. Nc3 O-O 8. Nf3 fxe5 9. fxe5 Nf5 10. cxd5 cxd5 11. Qb3 e6 12. Bg5 Qa5 13. O-O-O Nc6 14.
Kb1 a6 15. Be2 b5 16. g4 Nh6 17. h3 Qb6 18. Na4 Qa7 19. Nc5 Nf7 20. Bf6 Bxf6 21.
exf6 Nxd4 22. Rxd4 Qxc5 23. Rc1 Qb6 24. Qe3 Bb7 25.
Ne5 Rad8 26. g5 Qd6 27. Nxf7 Rxf7 28. Rh4 e5 29. Bd3 e4 30. Bc2 d4 31. Qe1 d3 32.
Bb3 d2 33. Bxf7+ Kxf7 34. Rxh7+ Ke6 35. Re7+ Kf5 36. Qf2+ Kxg5 37. Rg1+ Kh5 38. Rh7# 1-0

[Event "Early-Titled-Tuesday-Blitz-February-13-2024"]
[Site "Chess.com"]
[Date "2024.02.13"]
[Round "6"]
[White "Kobalia"]
[Black "Dinosaurio_1975"]
[Result "1-0"]
[WhiteElo "2805"]
[BlackElo "2595"]
[TimeControl "180+1"]
[EndTime "9:08:20 PST"]
[Termination "Kobalia won by resignation"]

1. e4 c6 2. d4 d5 3. exd5 cxd5 4. Bd3 Nc6 5. c3 Nf6 6. Bf4 Bg4 7. Qb3 e5 8. h3 exf4 9. hxg4 Qe7+ 10. Kf1 O-O-O 11. Nd2 g6 12. g5 Ne4 13. Nxe4 dxe4 14. Re1 e3 15. Nf3 h6 16. fxe3 fxe3 17. Rh4 hxg5 18. Rxh8 g4 19. Qa3 Rd6 20. Rxe3 Qxe3 21. Qxd6 Qxd3+ 22. Kf2 1-0

[Event "Early-Titled-Tuesday-Blitz-February-13-2024"]
[Site "Chess.com"]
[Date "2024.02.13"]
[Round "6"]
[White "kushagramohan"]
[Black "Practical-Play"]
[Result "1-0"]
[WhiteElo "2843"]
[BlackElo "2590"]
[TimeControl "180+1"]
[EndTime "9:08:21 PST"]
[Termination "kushagramohan won by resignation"]

1. e4 d5 2. exd5 Nf6 3. Nf3 Qxd5 4. d4 Bg4 5. Be2 e6 6. c4 Qh5 7. Nc3 Nc6 8. h3 O-O-O 9. Be3 Bb4 10. Qc2 Bf5 11. Qb3 Ne4 12. Ne5 Qh4 13. Nxc6 Bxc3+ 14. bxc3 bxc6 15. d5 exd5 16. cxd5 Rxd5 17. O-O Re8 18.
Rfd1 Be6 19. c4 Rg5 20. Bxa7 Nd6 21. Rxd6 Rxg2+ 22. Kxg2 1-0

[Event "Early-Titled-Tuesday-Blitz-February-13-2024"]
[Site "Chess.com"]
[Date "2024.02.13"]
[Round "6"]
[White "jakopogi"]
[Black "Caroexpert"]
[Result "1-0"]
[WhiteElo "2738"]
[BlackElo "2542"]
[TimeControl "180+1"]
[EndTime "9:08:23 PST"]
[Termination "jakopogi won by resignation"]

1. e4 c6 2. d3 d5 3. Nd2 e5 4.
Ngf3 Bd6 5. g3 Nf6 6. Bg2 O-O 7. O-O Nbd7 8. Qe2 Re8 9. c4 dxe4 10. Nxe4 Nxe4 11. dxe4 Nc5 12. b4 Ne6 13. c5 Bc7 14. Bb2 f6 15. Rfd1 Qe7 16. Qc4 a5 17. a3 Kh8 18. Nh4 Nd4 19. Bxd4 exd4 20. Nf5 Bxf5 21.
exf5 axb4 22. axb4 Rxa1 23. Rxa1 Rd8 24. Qd3 b6 25.
Rc1 bxc5 26. bxc5 Qd7 27. Re1 Ba5 28. Re6 Rc8 29. Qa6 d3 30. Rd6 Qc7 31. Rxc6 d2 32. Qxc8+ 1-0

[Event "Early-Titled-Tuesday-Blitz-February-13-2024"]
[Site "Chess.com"]
[Date "2024.02.13"]
[Round "6"]
[White "Hanging_pointer"]
[Black "NastyaHn"]
[Result "1-0"]
[WhiteElo "2628"]
[BlackElo "2395"]
[TimeControl "180+1"]
[EndTime "9:08:24 PST"]
[Termination "Hanging_pointer won by resignation"]

1. d4 d5 2. c4 e6 3. Nf3 Nf6 4. g3 Be7 5. Bg2 O-O 6. O-O dxc4 7. Ne5 Nc6 8. Nxc6 bxc6 9. Bxc6 Rb8 10. Na3 Bb7 11.
Bxb7 Rxb7 12. Nxc4 Qd5 13. b3 Rd8 14. Bb2 Rbb8 15.
Rc1 c5 16. e3 cxd4 17. Bxd4 Qf5 18. Qe2 Ra8 19. Ne5 Rdc8 20. Kg2 Qe4+ 21. Qf3 Qxf3+ 22.
Kxf3 Ba3 23. Rxc8+ Rxc8 24. Bxa7 Rc2 25. Rd1 g6 26. Rd8+ Kg7 27. Bd4 Bb2 28. a4 Bxd4 29. Rxd4 Rb2 30. Rb4 Nd5 31. Rb7 Kf6 32. Nxf7 g5 33. Nd6 h5 34. h3 Ke5 35. Nc4+ 1-0

[Event "Early-Titled-Tuesday-Blitz-February-13-2024"]
[Site "Chess.com"]
[Date "2024.02.13"]
[Round "6"]
[White "Keeper0416"]
[Black "Zohid6"]
[Result "0-1"]
[WhiteElo "2586"]
[BlackElo "2834"]
[TimeControl "180+1"]
[EndTime "9:08:25 PST"]
[Termination "Zohid6 won by resignation"]

1. d4 e6 2. c4 b6 3. Nc3 Bb4 4. e3 Bb7 5. Ne2 f5 6. a3 Bxc3+ 7. Nxc3 Nf6 8. Bd3 O-O 9. f3 d6 10. Qe2 Nbd7 11. O-O Qe8 12. b4 a6 13. e4 fxe4 14.
fxe4 e5 15. d5 Qg6 16. Rf5 h6 17. Bd2 Rf7 18. Raf1 Raf8 19. h3 Bc8 20. g4 Nb8 21. g5 Nh7 22. Rxf7 Rxf7 23. Rxf7 Kxf7 24. h4 hxg5 25.
h5 Qf6 26. c5 bxc5 27. bxc5 dxc5 28. Be3 Nd7 29. Na4 Kg8 30. Bxc5 Nxc5 31. Nxc5 Qd6 32. Nxa6 Qxa3 33. Nxc7 Qa7+ 34. Kg2 Qxc7 35. Bc4 Qd6 36.
Qa2 Nf6 37. Qa8 Qc5 38. Qa2 Kh7 39. Bd3 Qd4 0-1

[Event "Early-Titled-Tuesday-Blitz-February-13-2024"]
[Site "Chess.com"]
[Date "2024.02.13"]
[Round "6"]
[White "AttackSparrow"]
[Black "mertfelin"]
[Result "1-0"]
[WhiteElo "2622"]
[BlackElo "2322"]
[TimeControl "180+1"]
[EndTime "9:08:25 PST"]
[Termination "AttackSparrow won by resignation"]

1. Nf3 d5 2. c4 e6 3. g3 Nf6 4. Bg2 Be7 5. O-O O-O 6. b3 b6 7.
cxd5 Nxd5 8. Bb2 Bb7 9. d4 Nd7 10. Nbd2 c5 11. Rc1 Rc8 12. Nc4 b5 13. Nce5 Nxe5 14.
Nxe5 f6 15. Nd3 cxd4 16. Bxd4 e5 17. Bxa7 Ra8 18. Nc5 Bxc5 19. Bxc5 Re8 20. Qd2 Qd7 21. Rfd1 Red8 22. e4 Nb6 23. Qe2 Qc6 24. Rxd8+ Rxd8 25. Be3 Qd6 26. Qxb5 Rc8 27. Rxc8+ Bxc8 28. Bxb6 1-0

[Event "Early-Titled-Tuesday-Blitz-February-13-2024"]
[Site "Chess.com"]
[Date "2024.02.13"]
[Round "6"]
[White "mishanick"]
[Black "Akewjon"]
[Result "1-0"]
[WhiteElo "2976"]
[BlackElo "2797"]
[TimeControl "180+1"]
[EndTime "9:08:26 PST"]
[Termination "mishanick won by resignation"]

1. d4 Nf6 2. c4 e6 3. Nc3 Bb4 4. e3 O-O 5. Bd3 Re8 6. Ne2 d5 7. O-O Nbd7 8. Qb3 Bd6 9. cxd5 exd5 10. Nxd5 Nxd5 11. Qxd5 Nc5 12. Bxh7+ Kxh7 13. Qh5+ Kg8 14. dxc5 Re5 15. Qf3 Rxc5 16. Bd2 Qh4 17. g3 Bg4 18.
Qxb7 Qd8 19. Nd4 Rh5 20. Qe4 f5 21. Qc6 Kh8 22. Bc3 Rb8 23. Ne6 1-0

[Event "Early-Titled-Tuesday-Blitz-February-13-2024"]
[Site "Chess.com"]
[Date "2024.02.13"]
[Round "6"]
[White "evgchess5"]
[Black "BardArtem"]
[Result "1-0"]
[WhiteElo "2966"]
[BlackElo "2782"]
[TimeControl "180+1"]
[EndTime "9:08:27 PST"]
[Termination "evgchess5 won by resignation"]

1. e4 c5 2. Nf3 d6 3. Bb5+ Bd7 4. c4 Nf6 5. Nc3 g6 6. d4 cxd4 7. Nxd4 Bg7 8. h3 O-O 9. O-O a6 10. Bxd7 Nbxd7 11. b3 b5 12. cxb5 axb5 13. Bb2 b4 14. Nd5 Nxe4 15. Nc6 Qe8 16. Ncxe7+ Kh8 17. Bxg7+ Kxg7 18. Re1 Nc3 19. Qd4+ Ne5 20. f4 Qb5 21. Nxc3 bxc3 1-0

[Event "Early-Titled-Tuesday-Blitz-February-13-2024"]
[Site "Chess.com"]
[Date "2024.02.13"]
[Round "6"]
[White "chess_blitz00"]
[Black "MKlose11"]
[Result "0-1"]
[WhiteElo "2470"]
[BlackElo "2648"]
[TimeControl "180+1"]
[EndTime "9:08:29 PST"]
[Termination "MKlose11 won on time"]

1. d3 Nf6 2. g3 g6 3. Bg2 c5 4.
Nc3 Nc6 5. Bd2 Bg7 6. Qc1 h5 7. Nf3 Rb8 8. a4 a6 9. e4 d6 10. Bf4 Nd4 11. e5 Nxf3+ 12. Bxf3 Ng4 13. exd6 exd6 14. O-O O-O 15. Re1 Ne5 16. Bg2 Be6 17. Bh6 b5 18. Bxg7 Kxg7 19. axb5 axb5 20. Ra7 Qb6 21. Qa1 b4 0-1

[Event "Early-Titled-Tuesday-Blitz-February-13-2024"]
[Site "Chess.com"]
[Date "2024.02.13"]
[Round "6"]
[White "AlexPapasimakopoulos"]
[Black "ejam94"]
[Result "1-0"]
[WhiteElo "2720"]
[BlackElo "2511"]
[TimeControl "180+1"]
[EndTime "9:08:29 PST"]
[Termination "AlexPapasimakopoulos won by resignation"]

1. d4 Nf6 2. c4 g6 3. Nc3 Bg7 4. Bg5 O-O 5. e3 d6 6. Nf3 b6 7. Be2 Bb7 8. O-O c5 9. d5 a6 10. a4 Nbd7 11. h3 h6 12. Bf4 Nh5 13. Bh2 Bxc3 14.
bxc3 Kg7 15. e4 Nhf6 16. e5 dxe5 17. Nxe5 Nxe5 18. Bxe5 Kg8 19. Qd2 Kh7 20. Qf4 Nd7 21. Bc7 Qc8 22. Bg4 f5 23. Rfe1 Rf7 24. h4 Qg8 25. Be2 g5 26. hxg5 hxg5 27. Qg3 Raf8 28.
Bh5 Rg7 29. Qh2 Rf6 30. Bf7+ Rh6 31. Bxg8+ 1-0

[Event "Early-Titled-Tuesday-Blitz-February-13-2024"]
[Site "Chess.com"]
[Date "2024.02.13"]
[Round "6"]
[White "JEIGOTH"]
[Black "ccccvhhhj"]
[Result "0-1"]
[WhiteElo "2237"]
[BlackElo "2489"]
[TimeControl "180+1"]
[EndTime "9:08:30 PST"]
[Termination "ccccvhhhj won by resignation"]

1. d4 e5 2. e4 d6 3. Nc3 Nc6 4. Nf3 Bg4 5. dxe5 Qd7 6. exd6 Bxd6 7. Be3 O-O-O 8. h3 Bh5 9. g4 Bg6 10. Bd3 Qe7 11. Qe2 Nf6 12. Bg5 h6 13. Bh4 Bb4 14.
O-O h5 15. Nd5 Qe6 16. Ng5 Qe8 17. Nxf6 gxf6 18. Nf3 hxg4 19. hxg4 Qe6 20. g5 Qg4+ 21. Bg3 Bc5 22. Rfd1 Qxg3+ 23. Kf1 Rh1+ 0-1

[Event "Early-Titled-Tuesday-Blitz-February-13-2024"]
[Site "Chess.com"]
[Date "2024.02.13"]
[Round "6"]
[White "Atousa"]
[Black "ClaudiaSof"]
[Result "1-0"]
[WhiteElo "2518"]
[BlackElo "2311"]
[TimeControl "180+1"]
[EndTime "9:08:33 PST"]
[Termination "Atousa won by resignation"]

1. d4 Nf6 2. Nf3 g6 3. g3 Bg7 4. Bg2 d6 5. O-O O-O 6. c4 Nc6 7. Nc3 e5 8. dxe5 Nxe5 9. Nxe5 dxe5 10. Qc2 c6 11. b3 Qe7 12. a4 Rd8 13. Ba3 Qc7 14.
Rad1 Bf5 15. e4 Bg4 16. f3 Be6 17. Kh1 b6 18. c5 h5 19. h4 Bh6 20. Rd6 Be3 21. Rfd1 Bd4 22. cxb6 axb6 23. Nb5 Qe7 24. R6xd4 Qe8 25. Nc7 1-0

[Event "Early-Titled-Tuesday-Blitz-February-13-2024"]
[Site "Chess.com"]
[Date "2024.02.13"]
[Round "6"]
[White "kids2010"]
[Black "lachesisQ"]
[Result "0-1"]
[WhiteElo "2828"]
[BlackElo "3057"]
[TimeControl "180+1"]
[EndTime "9:08:35 PST"]
[Termination "lachesisQ won by resignation"]

1. e4 c5 2. c3 e6 3. d4 d5 4. exd5 Qxd5 5. Nf3 Nf6 6. Na3 Qd8 7. Nc4 Nc6 8. Be3 Nd5 9. Bg5 f6 10. Bh4 Be7 11. Bg3 cxd4 12. Nxd4 e5 13. Nc2 Be6 14. Be2 O-O 15. O-O Qe8 16. h3 Rd8 17. Qe1 Qg6 18.
Rd1 Qxc2 19. Bd3 Qa4 20. b3 Qxa2 21. b4 Ndxb4 22. cxb4 Bxc4 23. Rd2 Qb3 24. Bc2 Qxb4 25. Rxd8 Bxd8 26. Qe4 f5 0-1

[Event "Early-Titled-Tuesday-Blitz-February-13-2024"]
[Site "Chess.com"]
[Date "2024.02.13"]
[Round "6"]
[White "Ariadna_Atreides"]
[Black "stratacticos"]
[Result "1-0"]
[WhiteElo "2144"]
[BlackElo "1960"]
[TimeControl "180+1"]
[EndTime "9:08:38 PST"]
[Termination "Ariadna_Atreides won by resignation"]

1. d4 Nf6 2. Nf3 g6 3. c4 c5 4.
d5 b5 5. cxb5 a6 6. b6 Qxb6 7.
Nc3 Bg7 8. e4 O-O 9. Nd2 d6 10.
Nc4 Qc7 11. Bd3 e6 12. dxe6 Bxe6 13. O-O Nc6 14. Ne3 Ne5 15. Be2 Rfd8 16. f4 Nc6 17. f5 Bc8 18. Ncd5 Nxd5 19. Nxd5 Qa7 20. Bg5 Re8 21.
f6 Bf8 22. Bf3 Ne5 23. Qd2 c4+ 24. Kh1 Nxf3 25. gxf3 Be6 26. Ne7+ Rxe7 27. fxe7 Bxe7 28. Bxe7 Qxe7 29. Rad1 Rd8 30. Qa5 Qf6 31. e5 Qf5 32. Qxd8+ Kg7 33. Qf6+ Qxf6 34. exf6+ Kxf6 35. Rxd6 1-0

[Event "Early-Titled-Tuesday-Blitz-February-13-2024"]
[Site "Chess.com"]
[Date "2024.02.13"]
[Round "6"]
[White "Zurability"]
[Black "Msb2"]
[Result "0-1"]
[WhiteElo "2745"]
[BlackElo "2988"]
[TimeControl "180+1"]
[EndTime "9:08:41 PST"]
[Termination "Msb2 won by resignation"]

1. Nf3 d5 2. g3 e6 3. Bg2 Nf6 4. O-O Bd6 5. c4 O-O 6. d4 Nc6 7. Bg5 h6 8. Bxf6 Qxf6 9. e3 dxc4 10. Nfd2 e5 11. d5 Na5 12. Qa4 b6 13. Nxc4 Nxc4 14. Qxc4 Qe7 15. Nc3 f5 16. Rfc1 a6 17. Rc2 Bd7 18.
Rac1 b5 19. Qd3 Kh8 20. Nb1 f4 21. Nd2 f3 22. Bf1 Rae8 23. e4 Bg4 24. h3 Bh5 25. a3 Qg5 26. Nb3 Bg6 27. Nc5 h5 28. h4 Qg4 29. Re1 Bxc5 30. Rxc5 Qxg3+ 31. fxg3 f2+ 0-1

[Event "Early-Titled-Tuesday-Blitz-February-13-2024"]
[Site "Chess.com"]
[Date "2024.02.13"]
[Round "6"]
[White "jk13"]
[Black "AwareIdea"]
[Result "1-0"]
[WhiteElo "2667"]
[BlackElo "2520"]
[TimeControl "180+1"]
[EndTime "9:08:41 PST"]
[Termination "jk13 won by resignation"]

1. e4 e5 2. Nf3 Nc6 3. Bc4 Bc5 4. d3 Nf6 5. c3 a6 6. Bb3 Ba7 7. Nbd2 d6 8. h3 Ne7 9. Nf1 Ng6 10. Ng3 h6 11.
O-O O-O 12. d4 c6 13. Re1 Qe7 14. Be3 Re8 15. Qd2 Kh7 16. Rad1 Bb8 17. Bc2 Qc7 18.
dxe5 dxe5 19. Nf5 Bxf5 20. exf5 Nf4 21. Bxf4 exf4 22. Rxe8 Nxe8 23. Qd8 Nd6 24. Qh4 Ne8 25. Qd8 Nd6 26. f6+ g6 27. Qf8 1-0

[Event "Early-Titled-Tuesday-Blitz-February-13-2024"]
[Site "Chess.com"]
[Date "2024.02.13"]
[Round "6"]
[White "mariangie523"]
[Black "Conejoviejo67"]
[Result "0-1"]
[WhiteElo "2082"]
[BlackElo "2471"]
[TimeControl "180+1"]
[EndTime "9:08:41 PST"]
[Termination "Conejoviejo67 won by resignation"]

1. e4 c5 2. Nf3 Nc6 3. d4 cxd4 4. Nxd4 Nf6 5. f3 e5 6. Nb3 Nxe4 7. fxe4 Qh4+ 8. Kd2 Qxe4 9. Qf3 Qg6 10. Bd3 Qe6 11. Nc3 Bb4 12. a3 Be7 13. Re1 O-O 14. Qf5 Qh6+ 15.
Kd1 Qxh2 16. Nd5 d6 17. Nxe7+ Nxe7 18. Qe4 Bf5 19. Qe2 Be6 20. Be3 Qg3 21. Kd2 f5 22. Qf2 Qg4 23. Be2 Qg6 24. Rh1 f4 25. Bxa7 Bf5 26.
c3 Qe6 27. Bd1 Qd5+ 28. Kc1 h6 29. Bf3 e4 30. Rd1 Qxb3 0-1

[Event "Early-Titled-Tuesday-Blitz-February-13-2024"]
[Site "Chess.com"]
[Date "2024.02.13"]
[Round "6"]
[White "xakevicius91"]
[Black "AndresDelgado77"]
[Result "1-0"]
[WhiteElo "2535"]
[BlackElo "2358"]
[TimeControl "180+1"]
[EndTime "9:08:42 PST"]
[Termination "xakevicius91 won on time"]

1. e4 e6 2. d4 d5 3. Bd3 Nc6 4. c3 e5 5. Bb5 dxe4 6. d5 a6 7. Ba4 b5 8. dxc6 bxa4 9. Qxa4 Qd3 10. Ne2 a5 11. Ng3 f5 12. Na3 Ba6 13. Qxa5 O-O-O 14. Bg5 Nf6 15. c4 Kb8 16. Nb5 Qxc4 17. Qxc7+ 1-0

[Event "Early-Titled-Tuesday-Blitz-February-13-2024"]
[Site "Chess.com"]
[Date "2024.02.13"]
[Round "6"]
[White "themind1hunter"]
[Black "N_I_Chess"]
[Result "0-1"]
[WhiteElo "2494"]
[BlackElo "2309"]
[TimeControl "180+1"]
[EndTime "9:08:42 PST"]
[Termination "N_I_Chess won on time"]

1. e4 Nf6 2. e5 Nd5 3. d4 d6 4. c4 Nb6 5. exd6 cxd6 6. Nf3 g6 7. Be2 Bg7 8. O-O Bg4 9. h3 Bxf3 10. Bxf3 Nc6 11. d5 Ne5 12. Be2 O-O 13. Nd2 Rc8 14. b3 Nexc4 15. bxc4 Bxa1 16. Qb3 Bg7 17. Bb2 Nd7 18. Bxg7 Kxg7 19. Qc3+ Nf6 20. Rb1 Qc7 21. Qd4 b6 22. Rb3 Qc5 23. Qh4 a6 24. Nf3 b5 25.
cxb5 axb5 26. Rxb5 Qc1+ 27. Kh2 Rc2 28. Bd3 Rc5 29.
Rxc5 Qxc5 30. Bc4 Rc8 31. Bb3 Qc3 32. Qf4 Rc5 33. Qa4 Qb2 34. Qa7 Nxd5 0-1

[Event "Early-Titled-Tuesday-Blitz-February-13-2024"]
[Site "Chess.com"]
[Date "2024.02.13"]
[Round "6"]
[White "kibromNNN"]
[Black "twofoxniel"]
[Result "0-1"]
[WhiteElo "1804"]
[BlackElo "2616"]
[TimeControl "180+1"]
[EndTime "9:08:43 PST"]
[Termination "twofoxniel won by resignation"]

1. d4 d5 2. c4 c6 3. Nc3 dxc4 4. e4 b5 5. Nf3 Nf6 6. e5 Nd5 7. a4 e6 8. Nd2 Bb7 9. Be2 Nd7 10.
Nde4 a6 11. O-O Be7 12. Kh1 O-O 13. f4 Nxc3 14. bxc3 c5 15. Bf3 Qc7 16. Ba3 b4 17. cxb4 cxb4 18. Bc1 Bd5 19. Qe1 c3 20. g4 f5 21. exf6 Nxf6 22. Nxf6+ Bxf6 23. Bxd5 exd5 24. Be3 b3 25. g5 Be7 26. Rc1 Rac8 27. h4 c2 28. Rf2 Ba3 29. Ra1 b2 30. Rxa3 b1=Q 0-1

[Event "Early-Titled-Tuesday-Blitz-February-13-2024"]
[Site "Chess.com"]
[Date "2024.02.13"]
[Round "6"]
[White "IwkooO"]
[Black "ATM622"]
[Result "0-1"]
[WhiteElo "2632"]
[BlackElo "2472"]
[TimeControl "180+1"]
[EndTime "9:08:43 PST"]
[Termination "ATM622 won by resignation"]

1. e4 c6 2. Nc3 d5 3. d4 dxe4 4.
Nxe4 Bf5 5. Qf3 Bxe4 6. Qxe4 Nf6 7. Qd3 e6 8. g3 c5 9. Bg2 Nc6 10. Qb5 Qb6 11. Qxb6 axb6 12. dxc5 Bxc5 13. c3 O-O 14. Nf3 Rad8 15. O-O b5 16. a3 Na5 17. Ne5 Nb3 18. Rb1 Nd5 19. Nd3 Bb6 20. Nf4 Nxc1 21. Rbxc1 Nxf4 22. gxf4 Rd2 23. b4 Ra8 24. Bxb7 Rxa3 25. Rcd1 Bxf2+ 26. Kg2 Be1+ 27. Rxd2 Bxd2 28. Rd1 Ra2 29. Kf3 f6 30.
Bc6 Rc2 31. Bxb5 Rxc3+ 32. Kg4 f5+ 33. Kg5 Rc2 34. Bd3 Rb2 35. b5 Kf7 36. Bc4 h6+ 37. Kh4 Bxf4 38. h3 Rb4 39. Rd7+ Kf6 40. Rd4 Be5 0-1

[Event "Early-Titled-Tuesday-Blitz-February-13-2024"]
[Site "Chess.com"]
[Date "2024.02.13"]
[Round "6"]
[White "LeoWin2012"]
[Black "PositionalPanther"]
[Result "0-1"]
[WhiteElo "2232"]
[BlackElo "2422"]
[TimeControl "180+1"]
[EndTime "9:08:43 PST"]
[Termination "PositionalPanther won by checkmate"]

1. e4 e6 2. d4 d5 3. exd5 exd5 4. Bd3 Bd6 5. Nf3 Ne7 6. O-O Bg4 7. h3 Bh5 8. Re1 Bg6 9. c3 Nd7 10. Be3 O-O 11. Qc2 c6 12. Nbd2 Qc7 13. Rad1 Rae8 14.
Nb3 f5 15. Bg5 Nf6 16. Ne5 Ne4 17. Bxe7 Rxe7 18. Nxg6 hxg6 19. Re2 Rfe8 20. Rde1 Bh2+ 21. Kf1 Qf4 22. Bxe4 fxe4 23. Qd2 Qf5 24. Qc2 Rf8 25. Nd2 Ref7 26. Nb3 Bg3 27. Kg1 Bxf2+ 28. Kh1 Bxe1 29.
Rxe1 Qf4 30. Nc5 Qg3 31. Rg1 Rf2 32. Qd1 R8f3 33. Ne6 Qxh3+ 34. gxh3 Rxh3# 0-1

[Event "Early-Titled-Tuesday-Blitz-February-13-2024"]
[Site "Chess.com"]
[Date "2024.02.13"]
[Round "6"]
[White "LuisFSiles"]
[Black "Slovineanu"]
[Result "1-0"]
[WhiteElo "2255"]
[BlackElo "2408"]
[TimeControl "180+1"]
[EndTime "9:08:45 PST"]
[Termination "LuisFSiles won by checkmate"]

1. e4 c6 2. d4 d5 3. exd5 cxd5 4. c4 Nf6 5. Nc3 e6 6. Nf3 Bb4 7. cxd5 Nxd5 8. Bd2 O-O 9. Bd3 b6 10. Qe2 Bb7 11.
O-O Nd7 12. Rad1 N7f6 13. Ne5 Bd6 14. Bg5 h6 15. Bxf6 Nxf6 16. Bb1 Rc8 17. Rfe1 Re8 18. Qd3 Bb4 19. Re3 Kf8 20. Rg3 Nh5 21. Nxf7 Qh4 22.
Ne5 Nf4 23. Qh7 Bxc3 24. Qxg7# 1-0

[Event "Early-Titled-Tuesday-Blitz-February-13-2024"]
[Site "Chess.com"]
[Date "2024.02.13"]
[Round "6"]
[White "ChEsper99"]
[Black "Kopytkin"]
[Result "0-1"]
[WhiteElo "2208"]
[BlackElo "2378"]
[TimeControl "180+1"]
[EndTime "9:08:45 PST"]
[Termination "Kopytkin won on time"]

1. Nf3 d6 2. d4 Nf6 3. g3 Nc6 4.
Bg2 e5 5. dxe5 dxe5 6. Qxd8+ Kxd8 7. c3 a5 8. a4 Bc5 9. O-O Ke7 10.
Bg5 h6 11. Bxf6+ Kxf6 12. Nbd2 Ke7 13. Ne4 Bb6 14. c4 Be6 15. c5 Ba7 16. Rac1 Rad8 17. e3 f5 18. Nc3 e4 19. Ne1 Rd2 20. Nc2 Rhd8 21. Rfe1 Ne5 0-1